 Dungeon Crawl Stone Soup version 0.18-a0-1027-g814d7dd (webtiles) character file.

167 tof the Insei (level 5, -2/32 HPs)
             Began as a Tengu Monk on Jan 7, 2016.
             Was a Priest of Nemelex Xobeh.
             Killed by divine providence
             ... invoked by an orc priest
              (7 damage)
             ... on level 3 of the Dungeon.
             The game lasted 00:07:42 (2938 turns).

tof the Insei (Tengu Monk)                          Turns: 2938, Time: 00:07:44

Health: -2/32      AC:  7    Str: 12    XL:     5   Next: 48%
Magic:  6/6        EV: 11    Int: 10    God:    Nemelex Xobeh [***...]
Gold:   66         SH:  0    Dex: 17    Spells: 0 memorised, 4 levels left

rFire  . . .     SeeInvis .     o - +2 mace (crush)
rCold  . . .     Gourm    .     y - +0 scale mail
rNeg   . . .     Faith    +     (no shield)
rPois  .         Spirit   .     (helmet restricted)
rElec  .         Dismiss  .     (no cloak)
rCorr  .         Reflect  .     i - +0 pair of gloves
SustAt .         Harm     .     (boots unavailable)
MR     +....                    c - amulet of faith
Stlth  ..........               F - ring of loudness (curse)
                                C - ring of protection from magic

@: lethally poisoned (-2 -> -16), somewhat resistant to hostile enchantments,
extremely unstealthy
A: beak, talons 3, able to fly 1
a: Fly, Triple Draw, Renounce Religion


You were on level 3 of the Dungeon.
You worshipped Nemelex Xobeh.
Nemelex Xobeh was most pleased with you.
You were not hungry.

You visited 1 branch of the dungeon, and saw 3 of its levels.

You collected 66 gold pieces.

Inventory:

Hand Weapons
 d - a +0 club
 o - a +2 mace of crushing (weapon)
Missiles
 r - 13 arrows
 u - 31 bolts
 x - 14 bolts of flame
Armour
 a - a +0 robe
 i - a +0 pair of gloves (worn)
 k - a +0 leather armour
 y - a +0 scale mail (worn)
Jewellery
 c - an amulet of faith (around neck)
 C - a ring of protection from magic (left hand)
 F - a cursed ring of loudness (right hand)
Scrolls
 e - a scroll of enchant weapon {unknown}
 g - a scroll of enchant armour {unknown}
 l - a scroll of teleportation {unknown}
 m - 3 scrolls of identify {unknown}
 q - 2 scrolls of recharging {unknown}
 v - a scroll of magic mapping {unknown}
 z - 2 scrolls of remove curse {unknown}
Potions
 p - a potion of heal wounds {unknown}
 t - a potion of ambrosia {unknown}
 A - 2 potions of agility {unknown}
 B - a potion of curing {unknown}
Miscellaneous
 h - a plain deck of destruction {drawn: 4}
 j - a plain deck of war {drawn: 2}
 n - a plain deck of escape {drawn: 1}
 w - a plain deck of war
 E - a plain deck of escape
Comestibles
 b - 4 bread rations
 f - a fruit
 s - a meat ration
 D - 3 chunks of flesh


   Skills:
 + Level 3.5 Fighting
 * Level 2.1 Maces & Flails
 + Level 2.3 Armour
 + Level 4.4 Dodging
 + Level 2.2 Stealth
 + Level 4.8 Unarmed Combat


You had 4 spell levels left.
You didn't know any spells.

Dungeon Overview and Level Annotations

Branches:
Dungeon (3/15)

Altars:
Dithmenos
Nemelex Xobeh
Pakellas
Trog
The Shining One


Innate Abilities, Weirdness & Mutations

You have a beak for a mouth.
You have claws for feet.
You can fly.


Message History

The gnoll completely misses you.
Evoke which item? (* to show all) (? for menu, Esc to quit)
You draw a card...
It is the Elements.
The gnoll closely misses you.
The gnoll hits you from afar with a halberd.
The gnoll hits you from afar with a spear of venom!
* * * LOW HITPOINT WARNING * * *; You are lethally poisoned!
The gnoll hits you but does no damage.
An orc priest comes into view. It is wielding a club.
You swap places.
* * * LOW HITPOINT WARNING * * *
You feel sick. The gnoll hits you but does no damage.
Your ice beast hits the gnoll.
Your ice beast freezes the gnoll.
You swap places.
* * * LOW HITPOINT WARNING * * *
You feel sick.
The gnoll closely misses your ice beast.
The orc priest calls down the wrath of Beogh upon you.
Something smites you!
You die...
Your body glows slightly and disappears.

... #.. ..# #.# #.#
..# #.# #.# #.#
###.# ######.#
#..)# #....#.#
#...####.##.#.#####
................@l#
#........>....###D#
#........##.### #Y#
###########.# #g#
#.#


ggg #.# ..ooo #.. .....o. #####.....## #.....# You could see an orc priest, 3
gnolls, 2 orcs, a friendly basilisk, a friendly mottled dragon and a friendly
ice beast.

Vanquished Creatures
  Natasha (D:3)
  Robin (D:3)
  2 worms (D:2)
  2 giant geckos
  7 orcs (D:3)
  9 bats
  A giant cockroach (D:2)
  16 goblins
  8 hobgoblins
  10 jackals
  6 kobolds
  A giant newt (D:3)
  4 rats
68 creatures vanquished.

Vanquished Creatures (collateral kills)
  A killer bee (D:3)
  An orc (D:3)
2 creatures vanquished.

Grand Total: 70 creatures vanquished

Notes
Turn   | Place    | Note
--------------------------------------------------------------
     0 | D:1      | tof the Tengu Monk began the quest for the Orb.
     0 | D:1      | Reached XP level 1. HP: 14/14 MP: 2/2
   141 | D:1      | Found a sparkling altar of Nemelex Xobeh.
   145 | D:1      | Became a worshipper of Nemelex Xobeh the Trickster
   145 | D:1      | Received a gift from Nemelex Xobeh
   145 | D:1      | Reached * piety under Nemelex Xobeh
   145 | D:1      | Reached ** piety under Nemelex Xobeh
   239 | D:1      | Reached XP level 2. HP: 16/19 MP: 3/3
   311 | D:1      | Received a gift from Nemelex Xobeh
   527 | D:1      | Received a gift from Nemelex Xobeh
  1048 | D:2      | Reached XP level 3. HP: 15/23 MP: 4/4
  1203 | D:2      | Found a bloodstained altar of Trog.
  1217 | D:2      | Found a shadowy altar of Dithmenos.
  1217 | D:2      | Found an oddly glowing altar of Pakellas.
  1264 | D:2      | Reached *** piety under Nemelex Xobeh
  1334 | D:2      | Received a gift from Nemelex Xobeh
  1840 | D:3      | Reached skill level 1 in Maces & Flails
  1981 | D:3      | Reached XP level 4. HP: 24/28 MP: 5/5
  2262 | D:3      | Noticed Natasha
  2274 | D:3      | Killed Natasha
  2274 | D:3      | Reached skill level 1 in Armour
  2485 | D:3      | Noticed Robin
  2495 | D:3      | Killed Robin
  2507 | D:3      | Gained mutation: You can fly. [Tengu growth]
  2507 | D:3      | Reached XP level 5. HP: 14/32 MP: 6/6
  2859 | D:3      | Found a glowing golden altar of the Shining One.
  2923 | D:3      | Received a gift from Nemelex Xobeh
  2938 | D:3      | Killed from afar by an orc priest

Vault maps used:
D:1:      onia_arrival_mini_spirals, minmay_misc_feat_square, st_stairs_11,
          minmay_door_square, nemelex_diamond_rough_becter
D:2:      gammafunk_temple_overflow_forgotten, first_bread,
          minmay_stone_trees_small
D:3:      marbit_many_paths, nicolae_ru_the_path_less_chosen, st_stairs_9,
          tgw_trog, uniq_natasha, uniq_robin

Action                   |  1- 3 |  4- 6 || total
-------------------------+-------+-------++-------
Melee: Club              |    31 |       ||    31
       Unarmed           |     8 |       ||     8
       Mace              |    75 |    75 ||   150
Evoke: Deck              |       |     7 ||     7
 Stab: Sleeping          |     3 |       ||     3
  Eat: Chunk             |     3 |     4 ||     7
